[Event "Betsys MČR v online bleskovém šachu 2021"]
[Site "Chess.com"]
[Date "2021.04.17"]
[Round "7"]
[White "MametevArtem097"]
[Black "YoungMegaMind"]
[Result "0-1"]
[WhiteElo "1993"]
[BlackElo "2222"]
[TimeControl "180+1"]
[EndTime "10:13:53 PDT"]
[Termination "Uživatel YoungMegaMind zvítězil po vzdání soupeře"]

1. d4 Nf6 2. Nc3 d5 3. Bf4 e6 4. Nb5 Na6 5. e3 c6 6. Nc3 Bd6 7. Bxd6 Qxd6 8. Nf3 O-O 9. Bd3 Nb8 10. e4 dxe4 11.
Nxe4 Nxe4 12. Bxe4 Nd7 13. Qd3 Nf6 14. O-O-O b6 15. Ne5 Bb7 16. g4 Rac8 17. Rhg1 Rc7 18. h4 Nxe4 19. Qxe4 c5 20. Qf4 cxd4 21. Qxd4 Qe7 22. g5 Rfc8 23. c3 Bd5 24. Kb1 Qc5 25. Qxc5 Rxc5 26. Rd4 R5c7 27. Rgd1 b5 28. Nd3 a5 29. b4 Rxc3 30. bxa5 g6 31. Nb4 Bf3 32. R1d3 Rc1+ 33. Kb2 Bg4 34. Rd8+ Kg7 35. Rxc8 Rxc8 36. a6 Ra8 37. Rd6 h6 38. Rb6 hxg5 39. hxg5 Bf3 40.
Rxb5 Ra7 41. a4 Bd5 42. Nxd5 exd5 43. Kc3 Rxa6 44. a5 Kf8 45. Rxd5 Ke7 46. Kb4 Ke6 47. Rb5 Ra8 48. Rb6+ Kd7 49. Kb5 Kc7 50. Rf6 Rf8 51. a6 Kb8 52. Kb6 Ka8 53. a7 Re8 54.
Rc6 Rd8 55. Rc7 Rd6+ 56. Rc6 Rd8 57. Kc7 Re8 58. Rd6 Re5 59. Rd8+ Kxa7 60. Kd7 Rxg5 61. Ke7 Rf5 62. Rd7+ Kb6 63. Rd2 Kc5 64. Rc2+ Kd4 65. Kd6 Ke4 66. Re2+ Kf3 67. Rd2 Kg2 68. f4+ Kg3 69.
Ke7 Kxf4 70. Rd6 Kg5 71. Kd7 Kh6 72. Kc6 Kg7 73. Kc7 g5 74. Rd4 Kg6 75. Rg4 Rf4 76. Rg3 g4 77. Kd6 f5 78. Ke5 Kg5 79. Rg1 Rf3 80. Kd4 g3 81. Rg2 Kg4 82. Ke5 Rf2 83. Kf6 Rxg2 84. Kg6 f4 85. Kh6 f3 0-1

[Event "Betsys MČR v online bleskovém šachu 2021"]
[Site "Chess.com"]
[Date "2021.04.17"]
[Round "8"]
[White "DrDANDog"]
[Black "Honzik1950"]
[Result "1-0"]
[WhiteElo "1768"]
[BlackElo "1504"]
[TimeControl "180+1"]
[EndTime "10:16:03 PDT"]
[Termination "Uživatel DrDANDog zvítězil po vzdání soupeře"]

1. e4 a6 2. d4 b5 3. Nf3 e6 4. d5 Be7 5. dxe6 dxe6 6. Qxd8+ Bxd8 7. Nc3 Bb7 8. a3 Nf6 9. Bd3 O-O 10. O-O c5 11.
Bg5 c4 12. Bxf6 Bxf6 13. Be2 Nc6 14. a4 Nd4 15. Nxd4 Bxd4 16. axb5 axb5 17. Nxb5 Bxe4 18. Nxd4 Rxa1 19. Rxa1 1-0

[Event "Betsys MČR v online bleskovém šachu 2021"]
[Site "Chess.com"]
[Date "2021.04.17"]
[Round "8"]
[White "Anyna"]
[Black "Newyork6"]
[Result "1-0"]
[WhiteElo "811"]
[BlackElo "332"]
[TimeControl "180+1"]
[EndTime "10:16:10 PDT"]
[Termination "Uživatel Anyna zvítězil matem"]

1. d4 Nf6 2. Nf3 e6 3. e3 Be7 4. Bd3 O-O 5. O-O b6 6. Nbd2 Nc6 7. Re1 Ba6 8. c3 Bxd3 9. e4 Bxe4 10. Nxe4 Nxe4 11. Rxe4 Nxd4 12. cxd4 g6 13. Bh6 g5 14.
Rg4 Re8 15. Nxg5 Kh8 16. Nxf7# 1-0

[Event "Betsys MČR v online bleskovém šachu 2021"]
[Site "Chess.com"]
[Date "2021.04.17"]
[Round "8"]
[White "VojtaT"]
[Black "MametevArtem097"]
[Result "0-1"]
[WhiteElo "1733"]
[BlackElo "1996"]
[TimeControl "180+1"]
[EndTime "10:16:27 PDT"]
[Termination "Uživatel MametevArtem097 zvítězil matem"]

1. e4 c5 2. Nf3 Nc6 3. d4 cxd4 4.
Nxd4 e5 5. Nf5 d5 6. exd5 Bxf5 7. dxc6 Qxd1+ 8. Kxd1 O-O-O+ 9. Bd2 bxc6 10. Ba6+ Kb8 11. Nc3 Nf6 12. f3 e4 13. Ke2 exf3+ 14. gxf3 Bc5 15. Bf4+ Ka8 16. Rhe1 Rhe8+ 17. Kf1 Bh3# 0-1

[Event "Betsys MČR v online bleskovém šachu 2021"]
[Site "Chess.com"]
[Date "2021.04.17"]
[Round "8"]
[White "pa9p"]
[Black "MaTpAt113"]
[Result "1-0"]
[WhiteElo "1763"]
[BlackElo "845"]
[TimeControl "180+1"]
[EndTime "10:16:27 PDT"]
[Termination "Uživatel pa9p zvítězil po vzdání soupeře"]

1. e4 c6 2. Nf3 d5 3. exd5 cxd5 4.
Be2 Bf5 5. O-O e6 6. d4 Nc6 7. c3 Bd6 8. Nbd2 Qc7 9. h3 Be4 10.
Nxe4 dxe4 11. Ng5 Bh2+ 12. Kh1 h6 13. Nxe4 Bd6 14. Bb5 a6 15. Bxc6+ bxc6 16. Qg4 f5 17. Qh5+ Kd8 18. Nxd6 Qxd6 19. Qf7 Nf6 20. Qxg7 Rg8 21. Qxf6+ 1-0

[Event "Betsys MČR v online bleskovém šachu 2021"]
[Site "Chess.com"]
[Date "2021.04.17"]
[Round "8"]
[White "Vesselovsky52"]
[Black "conysek"]
[Result "1-0"]
[WhiteElo "2331"]
[BlackElo "2123"]
[TimeControl "180+1"]
[EndTime "10:16:29 PDT"]
[Termination "Uživatel Vesselovsky52 zvítězil po vzdání soupeře"]

1. e4 e5 2. Nc3 Nc6 3. Bc4 Bc5 4. d3 Nf6 5. f4 d6 6. Nf3 Bg4 7. Na4 Bb6 8. Nxb6 axb6 9. h3 Bxf3 10. Qxf3 exf4 11.
Bxf4 Nd4 12. Qf2 Ne6 13. Bg3 Qe7 14. O-O h6 15. Bh4 g5 16. Qxf6 gxh4 17. Qxh8+ 1-0

[Event "Betsys MČR v online bleskovém šachu 2021"]
[Site "Chess.com"]
[Date "2021.04.17"]
[Round "8"]
[White "Classemence"]
[Black "CzechMerlin"]
[Result "1-0"]
[WhiteElo "1910"]
[BlackElo "1660"]
[TimeControl "180+1"]
[EndTime "10:16:55 PDT"]
[Termination "Uživatel Classemence zvítězil po vzdání soupeře"]

1. e4 e5 2. Nf3 d6 3. d4 f5 4.
dxe5 fxe4 5. Ng5 d5 6. f4 Be7 7. Be2 c5 8. O-O d4 9. Nxe4 Bf5 10.
Bf3 Nc6 11. Ng3 Bd7 12. Qe2 Nh6 13. f5 Bxf5 14. Bxh6 gxh6 15. Bxc6+ 1-0

[Event "Betsys MČR v online bleskovém šachu 2021"]
[Site "Chess.com"]
[Date "2021.04.17"]
[Round "8"]
[White "bumurubac"]
[Black "horalek"]
[Result "1-0"]
[WhiteElo "1027"]
[BlackElo "1331"]
[TimeControl "180+1"]
[EndTime "10:16:58 PDT"]
[Termination "Uživatel bumurubac zvítězil matem"]

1. e4 e5 2. d4 exd4 3. c3 d3 4. Bxd3 Bc5 5. Bc4 d6 6. Be3 Bxe3 7. fxe3 Nf6 8. Nf3 Bg4 9. h3 Bh5 10. g4 Bg6 11. Ng5 O-O 12. h4 h6 13. h5 Bh7 14.
Nxh7 Kxh7 15. Qd3 Nc6 16. e5+ Ne4 17. Qxe4+ Kh8 18. Bd3 g6 19. hxg6 fxg6 20. Qxg6 Rf7 21. Rxh6+ Rh7 22. Qxh7# 1-0

[Event "Betsys MČR v online bleskovém šachu 2021"]
[Site "Chess.com"]
[Date "2021.04.17"]
[Round "8"]
[White "Dejfos"]
[Black "RomanHlavicka"]
[Result "0-1"]
[WhiteElo "1754"]
[BlackElo "1540"]
[TimeControl "180+1"]
[EndTime "10:17:00 PDT"]
[Termination "Uživatel RomanHlavicka zvítězil po vzdání soupeře"]

1. e4 d5 2. exd5 Nf6 3. Nc3 c6 4. d4 cxd5 5. Bb5+ Nc6 6. Nf3 Bd7 7. O-O e6 8. Bg5 Be7 9. Bd3 O-O 10. Qd2 a6 11. Bh4 Rc8 12. h3 Nb4 13. Bg3 Nxd3 14.
Qxd3 Qb6 15. Na4 Bxa4 16. b3 Bb5 17. c4 dxc4 18. Qe4 Nxe4 0-1

[Event "Betsys MČR v online bleskovém šachu 2021"]
[Site "Chess.com"]
[Date "2021.04.17"]
[Round "8"]
[White "Emicka1330"]
[Black "Michal5"]
[Result "1-0"]
[WhiteElo "1606"]
[BlackElo "1203"]
[TimeControl "180+1"]
[EndTime "10:17:00 PDT"]
[Termination "Uživatel Emicka1330 zvítězil po vzdání soupeře"]

1. e4 c5 2. Nc3 d6 3. g3 Nf6 4.
Bg2 g6 5. d3 Bg7 6. h3 O-O 7. Be3 Nc6 8. Qd2 Bd7 9. Bh6 Rc8 10.
h4 Nd4 11. O-O-O b5 12. h5 Nxh5 13. Rxh5 gxh5 14. Nge2 Nxe2+ 15. Nxe2 Bg4 16. Qg5 1-0

[Event "Betsys MČR v online bleskovém šachu 2021"]
[Site "Chess.com"]
[Date "2021.04.17"]
[Round "8"]
[White "sachistamartin"]
[Black "Asmodai5"]
[Result "1-0"]
[WhiteElo "1433"]
[BlackElo "1062"]
[TimeControl "180+1"]
[EndTime "10:17:13 PDT"]
[Termination "Uživatel sachistamartin zvítězil matem"]

1. c4 e5 2. Nc3 Nf6 3. e3 d5 4. cxd5 Nxd5 5. Bc4 Be6 6. Nxd5 Bxd5 7. Bxd5 Qxd5 8.
Nf3 Nc6 9. b3 O-O-O 10. Bb2 Bd6 11. O-O Rhg8 12. d4 e4 13. Nd2 g5 14. a4 f5 15. b4 Nxb4 16. Qe2 f4 17. Rfc1 fxe3 18.
Qxe3 Bf4 19. Qc3 Bxd2 20. Qxc7# 1-0

[Event "Betsys MČR v online bleskovém šachu 2021"]
[Site "Chess.com"]
[Date "2021.04.17"]
[Round "8"]
[White "trosecnik"]
[Black "DrStillestein"]
[Result "0-1"]
[WhiteElo "1837"]
[BlackElo "2105"]
[TimeControl "180+1"]
[EndTime "10:17:22 PDT"]
[Termination "Uživatel DrStillestein zvítězil po vzdání soupeře"]

1. e4 c5 2. c3 e5 3. Nf3 d6 4. d4 cxd4 5. cxd4 Bg4 6. Bb5+ Nd7 7. Nc3 a6 8. Be2 Ngf6 9. h3 Bh5 10. Bg5 Be7 11.
Qb3 Bxf3 12. Bxf3 exd4 13. Nd5 Nxd5 14. Qxd5 Bxg5 15. Bh5 g6 16. Bg4 Ne5 0-1

[Event "Betsys MČR v online bleskovém šachu 2021"]
[Site "Chess.com"]
[Date "2021.04.17"]
[Round "8"]
[White "JanBaraCZE"]
[Black "matyson523"]
[Result "0-1"]
[WhiteElo "1592"]
[BlackElo "1812"]
[TimeControl "180+1"]
[EndTime "10:17:23 PDT"]
[Termination "Uživatel matyson523 zvítězil po vzdání soupeře"]

1. d4 d5 2. c4 e6 3. cxd5 exd5 4. Nc3 c5 5. Nf3 Nc6 6. dxc5 d4 7. Nb5 Bxc5 8. e3 Bg4 9. Be2 Bxf3 10. Bxf3 Qa5+ 11. Qd2 Bb4 12. Bxc6+ bxc6 13. Nc3 dxc3 14. Qd4 cxb2+ 15. Ke2 Qb5+ 16. Kf3 Qf5+ 17. Ke2 bxa1=Q 18. Qxa1 Nf6 19. Qd4 Be7 20. Rd1 O-O 21. f3 Qc2+ 22. Qd2 Qxd2+ 23. Rxd2 Rad8 0-1

[Event "Betsys MČR v online bleskovém šachu 2021"]
[Site "Chess.com"]
[Date "2021.04.17"]
[Round "8"]
[White "MilosJi"]
[Black "Lipican"]
[Result "1-0"]
[WhiteElo "2576"]
[BlackElo "2115"]
[TimeControl "180+1"]
[EndTime "10:17:27 PDT"]
[Termination "Uživatel MilosJi zvítězil po vzdání soupeře"]

1. Nf3 d5 2. c4 c6 3. e3 Nf6 4. Nc3 e6 5. b3 Bd6 6. Bb2 Nbd7 7. Qc2 Qe7 8. Rg1 b6 9. g4 h6 10. h4 Bb7 11. g5 hxg5 12. hxg5 Nh5 13. O-O-O dxc4 14. Bxc4 O-O-O 15. Be2 Kb8 16. Kb1 Ka8 17. Nd4 g6 18. Ne4 Be5 19. Nxc6 1-0

[Event "Betsys MČR v online bleskovém šachu 2021"]
[Site "Chess.com"]
[Date "2021.04.17"]
[Round "8"]
[White "Kijonker"]
[Black "ritchi12"]
[Result "1-0"]
[WhiteElo "1474"]
[BlackElo "1131"]
[TimeControl "180+1"]
[EndTime "10:17:31 PDT"]
[Termination "Uživatel Kijonker zvítězil matem"]

1. e4 e5 2. Nf3 Nc6 3. Bc4 Bc5 4. c3 d6 5. d4 exd4 6. cxd4 Bb4+ 7. Nc3 Bxc3+ 8.
bxc3 Nf6 9. Bg5 O-O 10. O-O Na5 11. Bd3 d5 12. e5 Nc4 13. exf6 gxf6 14. Bh6 Re8 15.
Bxc4 dxc4 16. Qa4 Bd7 17. Qxc4 Be6 18. Qd3 f5 19. Rfd1 Qd5 20. Qd2 f6 21. Qf4 Rac8 22. Qg3+ Kf7 23. Qg7# 1-0

[Event "Betsys MČR v online bleskovém šachu 2021"]
[Site "Chess.com"]
[Date "2021.04.17"]
[Round "8"]
[White "Adam20032007"]
[Black "pkozubik"]
[Result "1-0"]
[WhiteElo "1718"]
[BlackElo "1167"]
[TimeControl "180+1"]
[EndTime "10:17:53 PDT"]
[Termination "Uživatel Adam20032007 zvítězil po vzdání soupeře"]

1. d4 Nf6 2. Nf3 g6 3. e3 d5 4. Bd3 Bg7 5. O-O Be6 6. Nbd2 Nbd7 7. c3 O-O 8. e4 c5 9. e5 Ne8 10. Ng5 c4 11. Bc2 h6 12. Nxe6 fxe6 13. Qg4 g5 14. f4 Kh8 15. fxg5 Rxf1+ 16. Kxf1 Nc7 17. gxh6 Qf8+ 18.
Kg1 Bxh6 19. Nf3 Bxc1 20. Rxc1 Qh6 21. Ng5 Rf8 22. Rf1 Rxf1+ 23. Kxf1 Qf8+ 24. Kg1 Ne8 25. Qh5+ 1-0

[Event "Betsys MČR v online bleskovém šachu 2021"]
[Site "Chess.com"]
[Date "2021.04.17"]
[Round "8"]
[White "jarosymon"]
[Black "VOJTASEK2009"]
[Result "1-0"]
[WhiteElo "1754"]
[BlackElo "1278"]
[TimeControl "180+1"]
[EndTime "10:17:58 PDT"]
[Termination "Uživatel jarosymon zvítězil matem"]

1. e4 e5 2. Nf3 Nc6 3. d4 exd4 4. Nxd4 d6 5. c4 Nf6 6. Nc3 Be7 7. Be2 O-O 8. Be3 a6 9. g4 h6 10. h4 Nh7 11. Nf5 Bxf5 12. exf5 Bxh4 13. Qd2 Bg5 14.
f4 Be7 15. O-O-O b5 16. cxb5 axb5 17. Bxb5 Nb4 18. a3 Na6 19. g5 hxg5 20. Rxh7 Kxh7 21. Rh1+ Kg8 22. Qh2 f6 23. Bc4+ d5 24. Bxd5+ Rf7 25.
Qh8# 1-0

[Event "Betsys MČR v online bleskovém šachu 2021"]
[Site "Chess.com"]
[Date "2021.04.17"]
[Round "8"]
[White "EXTREME_STRATEGY007"]
[Black "CZpeeeter"]
[Result "1-0"]
[WhiteElo "1292"]
[BlackElo "1698"]
[TimeControl "180+1"]
[EndTime "10:18:02 PDT"]
[Termination "Uživatel EXTREME_STRATEGY007 zvítězil matem"]

1. e4 e5 2. Nf3 Nc6 3. Bc4 Bc5 4. c3 Nf6 5. d3 O-O 6. O-O d5 7. exd5 Nxd5 8. h3 Be6 9. Re1 Qd6 10. d4 exd4 11.
cxd4 Bb4 12. Bd2 Bxd2 13. Qxd2 Rae8 14. Nc3 Nxc3 15. Qxc3 Bxc4 16. Qxc4 Rd8 17. Rad1 Rfe8 18. Ng5 Rxe1+ 19. Rxe1 Qd5 20. Qxd5 Rxd5 21. Re8# 1-0

[Event "Betsys MČR v online bleskovém šachu 2021"]
[Site "Chess.com"]
[Date "2021.04.17"]
[Round "8"]
[White "Maty122"]
[Black "zaciname"]
[Result "0-1"]
[WhiteElo "812"]
[BlackElo "733"]
[TimeControl "180+1"]
[EndTime "10:18:02 PDT"]
[Termination "Uživatel zaciname zvítězil matem"]

1. e4 e5 2. Nf3 Nf6 3. Nxe5 Qe7 4. d4 d6 5. Nf3 Nxe4 6. Be2 Nf6 7. O-O Be6 8. Bg5 Nbd7 9. d5 h6 10. Bxf6 gxf6 11.
dxe6 fxe6 12. Bc4 d5 13. Bxd5 exd5 14. Re1 Ne5 15. Qd4 Nxf3+ 16. gxf3 Qxe1+ 17. Kg2 Qe5 18. Qa4+ c6 19. Nc3 Bd6 20. Qh4 Rg8+ 21. Kh3 Qxh2# 0-1

[Event "Betsys MČR v online bleskovém šachu 2021"]
[Site "Chess.com"]
[Date "2021.04.17"]
[Round "8"]
[White "Tassa15"]
[Black "adasmrazek"]
[Result "0-1"]
[WhiteElo "870"]
[BlackElo "1311"]
[TimeControl "180+1"]
[EndTime "10:18:07 PDT"]
[Termination "Uživatel adasmrazek zvítězil po vzdání soupeře"]

1. d4 Nf6 2. Bg5 e6 3. Bxf6 Qxf6 4. Nf3 Nc6 5. e3 Be7 6. c3 O-O 7. Bd3 d5 8. Qc2 Bd7 9. Bxh7+ Kh8 10. O-O g6 11. Bxg6 Qxg6 12. Qxg6 fxg6 13. Nh4 Bxh4 14. g3 Bg5 15. Nd2 Kg7 16. f4 Be7 17. Nf3 Rh8 18.
Rae1 g5 19. e4 gxf4 20. gxf4 Rag8 21. Rf2 Kf8+ 22. Rg2 Rxg2+ 23. Kxg2 Rg8+ 24. Kh1 Be8 25. exd5 exd5 26. Ng5 Bxg5 27. fxg5 Rxg5 28. Rf1+ Bf7 29. Rf2 Ne7 30. h4 Rg4 31. h5 Ng8 32. Kh2 Rh4+ 33.
Kg3 Rxh5 34. Kg4 Nh6+ 35. Kg3 Rg5+ 36. Kf4 Rg4+ 37. Kf3 Kg7 38. Rf1 Bh5 39. Kf2 Rf4+ 40. Ke1 Rxf1+ 41. Kxf1 Kf6 0-1

[Event "Betsys MČR v online bleskovém šachu 2021"]
[Site "Chess.com"]
[Date "2021.04.17"]
[Round "8"]
[White "svobodan"]
[Black "HerjoAnpe"]
[Result "1-0"]
[WhiteElo "1641"]
[BlackElo "1229"]
[TimeControl "180+1"]
[EndTime "10:18:08 PDT"]
[Termination "Uživatel svobodan zvítězil matem"]

1. e4 e6 2. d4 d5 3. Nc3 dxe4 4. Nxe4 Nc6 5. Nf3 f5 6. Ng3 Nf6 7. c3 g6 8. Bg5 Bg7 9. Bc4 Na5 10. Bb3 Nxb3 11.
Qxb3 O-O 12. O-O Kh8 13. Rad1 Qd5 14. Bxf6 Bxf6 15. Qxd5 exd5 16. Ne5 c6 17. Rfe1 Bh4 18. Rd3 f4 19. Ne2 Rf5 20. Rf3 Bf6 21. Nxf4 g5 22.
Nh5 Rxf3 23. Nxf3 g4 24. Re8# 1-0

[Event "Betsys MČR v online bleskovém šachu 2021"]
[Site "Chess.com"]
[Date "2021.04.17"]
[Round "8"]
[White "czlolcz"]
[Black "LightningAttack_2000"]
[Result "1-0"]
[WhiteElo "2167"]
[BlackElo "1899"]
[TimeControl "180+1"]
[EndTime "10:18:27 PDT"]
[Termination "Uživatel czlolcz zvítězil po vzdání soupeře"]

1. d4 Nf6 2. c4 g6 3. Nc3 Bg7 4.
e4 d6 5. Nf3 O-O 6. h3 c5 7. d5 e6 8. Bd3 exd5 9. Nxd5 Nxd5 10.
cxd5 a6 11. a4 Nd7 12. O-O Re8 13. Bf4 Qc7 14. Qc2 b6 15. Rac1 Rb8 16. b4 Bb7 17. Rfe1 Rbc8 18. Bf1 c4 19. Qxc4 Qb8 20. Qd3 Rxc1 21.
Rxc1 Ne5 22. Nxe5 Bxe5 23. Bxe5 Rxe5 24. f3 Bc8 25. Qc3 Bd7 26. Qc7 Qe8 27. Qxd6 f5 28.
Rc7 Bc8 29. Qf6 1-0

[Event "Betsys MČR v online bleskovém šachu 2021"]
[Site "Chess.com"]
[Date "2021.04.17"]
[Round "8"]
[White "matykov"]
[Black "Kokos3"]
[Result "1-0"]
[WhiteElo "2010"]
[BlackElo "1553"]
[TimeControl "180+1"]
[EndTime "10:18:27 PDT"]
[Termination "Uživatel matykov zvítězil po vzdání soupeře"]

1. e4 e5 2. Nf3 Nc6 3. Nc3 Nf6 4. d4 exd4 5. Nxd4 Nxd4 6. Qxd4 d6 7. Bc4 Be7 8. Bg5 Be6 9. Bxe6 fxe6 10. f4 O-O 11. O-O-O d5 12. exd5 Nxd5 13. Nxd5 exd5 14. Bxe7 Qxe7 15.
Qxd5+ Kh8 16. g3 c6 17. Qf3 Rfe8 18. Qc3 Rad8 19. Rde1 Qc7 20. Rxe8+ Rxe8 21. Re1 Rd8 22. Qe5 Qb6 23. Qe8+ 1-0

[Event "Betsys MČR v online bleskovém šachu 2021"]
[Site "Chess.com"]
[Date "2021.04.17"]
[Round "8"]
[White "Petroniuss"]
[Black "tomasPardubice"]
[Result "1-0"]
[WhiteElo "2270"]
[BlackElo "2086"]
[TimeControl "180+1"]
[EndTime "10:18:33 PDT"]
[Termination "Uživatel Petroniuss zvítězil po vzdání soupeře"]

1. e4 c5 2. Nf3 d6 3. d3 Nf6 4. Nbd2 g6 5. g3 Bg7 6. Bg2 O-O 7. O-O Nc6 8. Re1 e6 9. c3 d5 10. Qc2 b6 11. a4 Bb7 12. Nf1 Rc8 13. Bg5 h6 14.
Bxf6 Bxf6 15. Rad1 Bg7 16. Ne3 d4 17. Nc4 Re8 18.
e5 Bf8 19. Qd2 a6 20. Qf4 g5 21. Qg4 b5 22. axb5 axb5 23. Nd6 Bxd6 24. exd6 Qxd6 25. h4 f6 26. hxg5 hxg5 27. Nxg5 fxg5 28. Qxg5+ Kh8 29.
Re4 Re7 30. Rh4+ Rh7 31. Rxh7+ Kxh7 32. Be4+ Kh8 33. Kg2 1-0

[Event "Betsys MČR v online bleskovém šachu 2021"]
[Site "Chess.com"]
[Date "2021.04.17"]
[Round "8"]
[White "Hroch-hroch"]
[Black "PavelNo"]
[Result "1-0"]
[WhiteElo "2254"]
[BlackElo "1971"]
[TimeControl "180+1"]
[EndTime "10:18:33 PDT"]
[Termination "Uživatel Hroch-hroch zvítězil po vzdání soupeře"]

1. e4 c5 2. Nf3 e6 3. g3 Nc6 4. Bg2 g6 5. O-O Bg7 6. Re1 d6 7. c3 Nge7 8. d4 cxd4 9. cxd4 d5 10. e5 O-O 11. Nc3 a6 12. Bf4 Bd7 13.
Qd2 Re8 14. h4 b5 15. h5 Rc8 16. hxg6 hxg6 17. Bh6 Nf5 18. Bxg7 Kxg7 19. Qf4 Rh8 20. Bf1 Qb6 21. Rad1 Rh7 22. g4 Nh4 23. Nxh4 Rxh4 24.
Qf6+ Kg8 25. Qxh4 Nxd4 26. Rd3 b4 27. Rh3 Kf8 28. Qf6 1-0

[Event "Betsys MČR v online bleskovém šachu 2021"]
[Site "Chess.com"]
[Date "2021.04.17"]
[Round "8"]
[White "DenisaD2008"]
[Black "JonasFadrny"]
[Result "1-0"]
[WhiteElo "967"]
[BlackElo "745"]
[TimeControl "180+1"]
[EndTime "10:18:41 PDT"]
[Termination "Uživatel DenisaD2008 zvítězil po vzdání soupeře"]

1. e4 e5 2. Nf3 Nc6 3. Bc4 h6 4. Nc3 Nf6 5. d4 exd4 6. Nxd4 Nxd4 7. Qxd4 b6 8. e5 Bc5 9. Qf4 O-O 10. exf6 Qxf6 11.
Qxf6 gxf6 12. O-O Bb7 13. Be3 Kh8 14. Bxc5 bxc5 15. Nd5 Bxd5 16. Bxd5 c6 17. Bc4 d5 18. Be2 Rfe8 19. Rfe1 Rad8 20. Rad1 Rd7 21. c4 Rde7 22. Kf1 d4 23. g4 Kg7 24. f4 f5 25. gxf5 Kf6 26. Bg4 Rxe1+ 27. Rxe1 Rg8 28. Bh3 Rb8 29.
b3 d3 30. Rd1 Rd8 31. Ke1 d2+ 32. Rxd2 Rd3 33. Rxd3 1-0

[Event "Betsys MČR v online bleskovém šachu 2021"]
[Site "Chess.com"]
[Date "2021.04.17"]
[Round "8"]
[White "xnepom"]
[Black "jonasstach"]
[Result "1-0"]
[WhiteElo "2252"]
[BlackElo "2010"]
[TimeControl "180+1"]
[EndTime "10:18:43 PDT"]
[Termination "Uživatel xnepom zvítězil po vzdání soupeře"]

1. e4 e6 2. d4 d5 3. Nd2 c5 4.
exd5 exd5 5. Ngf3 Nf6 6. Bb5+ Bd7 7. Qe2+ Qe7 8. dxc5 Qxe2+ 9. Bxe2 Bxc5 10. Nb3 Bb6 11. O-O O-O 12. Nbd4 Nc6 13. Be3 Rac8 14. c3 a6 15.
Nxc6 Bxc6 16. Bxb6 h6 17. Rfe1 Ba4 18. Bd3 Rc6 19. Bd4 Nh5 20. b3 Bb5 21. Bxb5 axb5 22. g3 g5 23. Ne5 Ra6 24. Re2 Rfa8 25. Nd7 Rd6 26. Nc5 b6 27. Nd3 f5 28. Nb4 g4 29.
Rae1 f4 30. Re8+ Rxe8 31. Rxe8+ Kf7 32. Re5 Nf6 33. Rf5 f3 34. Rxf6+ Rxf6 35. Bxf6 Kxf6 36. Nxd5+ Ke5 37. Nxb6 Ke4 38. c4 Kd3 39. c5 1-0

[Event "Betsys MČR v online bleskovém šachu 2021"]
[Site "Chess.com"]
[Date "2021.04.17"]
[Round "8"]
[White "Molefancier"]
[Black "tkokosek007"]
[Result "0-1"]
[WhiteElo "1062"]
[BlackElo "1386"]
[TimeControl "180+1"]
[EndTime "10:18:46 PDT"]
[Termination "Uživatel tkokosek007 zvítězil matem"]

1. e4 Nf6 2. Nc3 d5 3. exd5 Nxd5 4. d4 e6 5. Nf3 b6 6. a3 Bb7 7. Bd3 Be7 8. O-O O-O 9. Ne5 Nd7 10. f4 c5 11. Qh5 N7f6 12. f5 Nxh5 13. fxe6 fxe6 14. Rxf8+ Qxf8 15. Bd2 Nhf6 16. Rf1 Nxc3 17. bxc3 cxd4 18.
cxd4 Qd8 19. Be3 Qd5 20. c4 Qxg2# 0-1

[Event "Betsys MČR v online bleskovém šachu 2021"]
[Site "Chess.com"]
[Date "2021.04.17"]
[Round "8"]
[White "Lisak007"]
[Black "Daffac"]
[Result "0-1"]
[WhiteElo "1827"]
[BlackElo "2088"]
[TimeControl "180+1"]
[EndTime "10:18:50 PDT"]
[Termination "Uživatel Daffac zvítězil na čas"]

1. e4 c6 2. d3 d5 3. Nd2 e5 4. g3 Bd6 5. Bg2 Nf6 6. Ne2 O-O 7. O-O Re8 8. f4 exf4 9. Nxf4 Bc5+ 10. Kh1 Ng4 11.
exd5 Ne3 12. Qh5 Bg4 13. Qh4 Qxh4 14. gxh4 Nxf1 15. Nxf1 Re1 16. c3 Bd6 0-1

[Event "Betsys MČR v online bleskovém šachu 2021"]
[Site "Chess.com"]
[Date "2021.04.17"]
[Round "8"]
[White "l_pavlasek"]
[Black "Nevimjakhrat"]
[Result "1-0"]
[WhiteElo "1668"]
[BlackElo "1448"]
[TimeControl "180+1"]
[EndTime "10:18:51 PDT"]
[Termination "Uživatel l_pavlasek zvítězil po vzdání soupeře"]

1. e4 c6 2. e5 d5 3. exd6 exd6 4. d4 d5 5. Nf3 Bf5 6. Bd3 Bxd3 7. Qxd3 Nf6 8. O-O Nbd7 9. Ne5 Nxe5 10. dxe5 Nd7 11. Re1 Be7 12. e6 fxe6 13. Rxe6 O-O 14. Bd2 Qb6 15. Qe3 Qxb2 16. Bc3 Bc5 17. Bxb2 Bxe3 18. fxe3 Nc5 19. Re7 Rf7 20. Rxf7 Kxf7 21. Nc3 Rf8 22. Ba3 Kg8 23. Bxc5 1-0

[Event "Betsys MČR v online bleskovém šachu 2021"]
[Site "Chess.com"]
[Date "2021.04.17"]
[Round "8"]
[White "svTomas"]
[Black "Sandokanom"]
[Result "0-1"]
[WhiteElo "1434"]
[BlackElo "1757"]
[TimeControl "180+1"]
[EndTime "10:18:53 PDT"]
[Termination "Uživatel Sandokanom zvítězil po vzdání soupeře"]

1. e4 c5 2. Nf3 e6 3. d4 cxd4 4. Nxd4 Nf6 5. Nc3 Bb4 6. f3 d5 7. Bb5+ Bd7 8. O-O Bxc3 9. bxc3 dxe4 10. fxe4 Nxe4 11. Nxe6 Qb6+ 12. Nd4 Bxb5 13. Re1 Bc6 14. Be3 O-O 15. Ne6 Qa5 16. Nxf8 Kxf8 17. Bc5+ Qxc5+ 18.
Kh1 0-1

[Event "Betsys MČR v online bleskovém šachu 2021"]
[Site "Chess.com"]
[Date "2021.04.17"]
[Round "8"]
[White "Z_u_z_i"]
[Black "Rognort"]
[Result "0-1"]
[WhiteElo "1539"]
[BlackElo "1791"]
[TimeControl "180+1"]
[EndTime "10:18:55 PDT"]
[Termination "Uživatel Rognort zvítězil matem"]

1. e4 d5 2. exd5 Qxd5 3. Nc3 Qa5 4. d4 c6 5. Nf3 Bf5 6. Bc4 e6 7. O-O Qc7 8. Be3 Bd6 9. h3 Nf6 10. Qe2 Nbd7 11. Rad1 O-O-O 12. a3 h6 13. b4 g5 14. b5 g4 15. hxg4 Bxg4 16. bxc6 Qxc6 17. Nb5 Bb8 18. Bd3 Bxf3 19. Qxf3 Qxf3 20. gxf3 Nd5 21. c4 Rdg8+ 22.
Kh1 Nxe3 23. fxe3 Rg3 24. e4 Rh3+ 25. Kg2 Rh2+ 26. Kg1 Rg8# 0-1

[Event "Betsys MČR v online bleskovém šachu 2021"]
[Site "Chess.com"]
[Date "2021.04.17"]
[Round "8"]
[White "NikolaKusova"]
[Black "OndrejBorkovec"]
[Result "0-1"]
[WhiteElo "1065"]
[BlackElo "1509"]
[TimeControl "180+1"]
[EndTime "10:18:56 PDT"]
[Termination "Uživatel OndrejBorkovec zvítězil na čas"]

1. e4 e6 2. d4 d5 3. e5 c5 4. c3 Nc6 5. Nf3 Qb6 6. a3 Nge7 7. b4 c4 8. Bg5 Nf5 9. Nbd2 Be7 10. Bxe7 Nfxe7 11. Ng5 O-O 12. Qh5 h6 13. Ngf3 Nf5 14. Be2 Nce7 15. O-O Ng6 16. a4 Nf4 17. a5 Qd8 18. Rfe1 Nxh5 19. g4 Nf4 20. gxf5 exf5 21.
Kh1 Be6 22. Rg1 Kh7 23. Nh4 Nxe2 24. Rge1 Nxc3 25. Rac1 Ne4 26. Nxe4 fxe4 27. f3 Qxh4 28. fxe4 dxe4 0-1